 Dungeon Crawl Stone Soup version 0.29.1-12-g30fa7ad0bf (webtiles) character file.

Game seed: 10413363831714367813

1699 Kintaro the Ruffian (level 8, -11/74 HPs)
             Began as a Troll Gladiator on Dec 29, 2022.
             Was a Priest of Nemelex Xobeh.
             Mangled by a tengu warrior
             ... wielding a +0 great mace
              (26 damage)
             ... on level 8 of the Dungeon.
             The game lasted 00:17:40 (2646 turns).

Kintaro the Ruffian (Troll Gladiator)               Turns: 2646, Time: 00:17:41

Health: -11/74     AC:  7    Str: 23    XL:     8   Next: 73%
Magic:  8/8        EV: 10    Int:  6    God:    Nemelex Xobeh [***...]
Gold:   220        SH:  0    Dex: 11    Spells: 4/9 levels left

rFire   . . .      SeeInvis .     - Unarmed
rCold   . . .      Faith    .   (no shield)
rNeg    . . .      Spirit   .   y - +0 steam dragon scales
rPois   .          Reflect  .   b - +0 hat
rElec   .          Harm     .   s - scarf {repulsion}
rCorr   .          Rampage  .   (gloves unavailable)
Will    .....                   (boots unavailable)
Stlth   ++........              (no amulet)
HPRegen 1.02/turn               (no ring)
MPRegen 0.11/turn               (no ring)

@: mighty, repel missiles
A: large, unfitting armour, claws 3, regeneration 1, shaggy fur 1, tough skin 1
a: Renounce Religion, Draw Escape, Draw Destruction, Draw Summoning, Triple Draw


You were on level 8 of the Dungeon.
You worshipped Nemelex Xobeh.
Nemelex Xobeh was most pleased with you.
You visited 1 branch of the dungeon, and saw 8 of its levels.

You collected 220 gold pieces.

Inventory:

Missiles
 c - 3 throwing nets
 d - a large rock
 f - 3 curare-tipped darts (quivered)
 h - 10 javelins
Armour
 a - a +0 robe
 b - a +0 hat (worn)
 s - a scarf of repulsion (worn)
 y - +0 steam dragon scales (worn)
Jewellery
 o - an amulet of magic regeneration
Wands
 i - a wand of flame (21)
 x - a wand of light (1)
Scrolls
 k - a scroll of immolation
 l - 2 scrolls of magic mapping
 r - a scroll of vulnerability
 t - a scroll of blinking {unknown}
 u - a scroll of teleportation
 w - a scroll of butterflies
Potions
 e - a potion of heal wounds {unknown}
 j - a potion of berserk rage {unknown}
 m - 2 potions of ambrosia
 n - 2 potions of mutation {unknown}
 p - a potion of brilliance {unknown}
 q - a potion of resistance {unknown}
 v - a potion of lignification {unknown}
 z - a potion of cancellation {unknown}


   Skills:
 * Level 2.7 Fighting
 * Level 3.0 Throwing
 * Level 2.0 Armour
 * Level 4.1 Dodging
 * Level 1.3 Stealth
 * Level 6.8 Unarmed Combat
 * Level 1.3 Spellcasting
 * Level 1.4 Hexes
 * Level 0.7 Transmutations
 * Level 1.5 Ice Magic
 * Level 0.5 Poison Magic
 * Level 2.1 Invocations
 * Level 1.9 Evocations


You had 4 spell levels left.
You knew the following spells:

 Your Spells              Type           Power      Damage    Failure   Level
a - Ensorcelled Hibernat  Hex/Ice        4%         N/A       36%         2
b - Spider Form           Tmut/Pois      1%         N/A       71%         3

Your spell library contained the following spells:

 Spells                   Type           Power      Damage    Failure   Level
 Ozocubu's Armour         Ice            2%         N/A       56%         3
 Anguish                  Hex/Necr       0%         N/A       97%         4
 Ozocubu's Refrigeration  Ice            1%         4d7       100%        7


Dungeon Overview and Level Annotations

Branches:
Dungeon (8/15)
 Temple: D:4-7         Lair: D:8-11

Altars:
Ashenzari
Kikubaaqudgha
Nemelex Xobeh
Qazlal
Ru
Sif Muna


Innate Abilities, Weirdness & Mutations

You are too large for most types of armour.
You have claws for hands.
Your natural rate of healing is unusually fast.
You are covered in fur. (AC +1)
You have tough skin. (AC +1)


Message History

The shapeshifter twists and deforms.
The shapeshifter changes into a blink frog!
You draw a card...
You have drawn the Dance.
The deck of cards glows with a rainbow of weird colours and disappears.
The blink frog blinks!
You swap places.
The blink frog barely misses your +0 hand axe of venom.
Your +0 hand axe of venom hits the blink frog!
The blink frog is poisoned.
The blink frog closely misses your +0 hand axe of venom.
Your +0 hand axe of venom hits the blink frog!
The blink frog looks as sick as possible!
The blink frog blinks!
A tengu warrior comes into view. It is wielding a +0 great mace.
The tengu warrior shouts!
What are your orders? t - Shout!
Orders for allies: a - Attack new target. r - Retreat! s - Stop attacking. g - Guard the area. f - Follow me.
Anything else - Cancel.
Gang up on whom?
Press: ? - help, Dir - move target, f - tengu warrior
Aim: a tengu warrior, wielding a +0 great mace and wearing a +0 leather armour Attack!
Your +0 hand axe of venom hits the tengu warrior but does no damage.
The tengu warrior is poisoned.
Press: ? - help, . - travel You can't see that place. [the floor.]
The tengu warrior attacks as you move away!
The tengu warrior hits you with a +0 great mace!
* * * LOW HITPOINT WARNING * * *
The tengu warrior pecks you.
* * * LOW HITPOINT WARNING * * *
The tengu warrior misses you.
The tengu warrior attacks as you move away!
The tengu warrior hits you with a +0 great mace!!
You die...
Your body glows slightly and disappears.

.###...........†...............#.
.....#..#####.#####............#.
..#####.##....#..##.....#....#.##
..# #.#.#.###.#.#.#......###...
..# #.#..#...#..#.#......# ####
..# #.###.....#.#.#......+.....
..# #...#.....#...#......######
).# #.#.#.....###.######>..(...
..# #.#..#...#@.#.# #.....## ..##
#.#.#.###(#Q#.######.###...
........##..#....##............##
###.#########.#########.#####....
..##..#......(..##.#...#.##..##
## #.#.##.###'###§#...#.#...#..#
..##..###.#.... #)##.#.#.#.##..#
#(.##.##.#.###.#F#.#.....#.#..#
#.###....#. .#....#.#.#.....#


You could see a tengu warrior (very poisoned) and a friendly +0 hand axe of
venom (summoned).

Vanquished Creatures
  A steam dragon (D:8)
  2 vampire mosquitoes (D:8)
  A swamp drake (D:6)
  An ice beast (D:8)
  A black bear (D:4)
  2 centaurs
  A bullfrog (D:8)
  A gnoll sergeant (D:8)
  A scorpion (D:4)
  A wight (D:7)
  A howler monkey (D:6)
  A hound (D:5)
  2 orc priests
  2 jellies (D:6)
  3 orc wizards
  3 gnolls (D:8)
  4 adders
  3 white imps
  A worm (D:2)
  A dart slug (D:3)
  9 orcs
  2 ball pythons
  6 endoplasms
  3 giant cockroaches
  3 goblins
  3 jackals (D:1)
  3 kobolds
  3 quokkas
  3 bats (D:1)
  7 frilled lizards
  2 rats
77 creatures vanquished.

Vanquished Creatures (collateral kills)
  A centaur (D:7)
  2 wights (D:7)
  A gnoll bouda (D:7)
  4 gnolls (D:7)
  3 orcs (D:3)
  A rat (D:6)
12 creatures vanquished.

Vanquished Creatures (others)
  2 fungi (D:1)
  A plant (D:1)
3 creatures vanquished.

Grand Total: 92 creatures vanquished

Notes
Turn   | Place    | Note
-------+----------+-------------------------------------------
     0 | D:1      | Kintaro the Troll Gladiator began the quest for the Orb.
     0 | D:1      | Reached XP level 1. HP: 19/19 MP: 0/0
   163 | D:1      | Found a faded altar of an unknown god.
   173 | D:1      | Prayed at the altar of an unknown god.
   173 | D:1      | Became a worshipper of Nemelex Xobeh the Trickster
   173 | D:1      | Reached * piety under Nemelex Xobeh
   173 | D:1      | Received a gift from Nemelex Xobeh
   234 | D:1      | Reached XP level 2. HP: 26/27 MP: 1/1
   622 | D:2      | Reached XP level 3. HP: 35/35 MP: 2/2
   645 | D:2      | Learned a level 2 spell: Ensorcelled Hibernation
   925 | D:3      | Reached skill level 4 in Unarmed Combat
   925 | D:3      | Reached XP level 4. HP: 16/42 MP: 3/3
  1000 | D:4      | Found a broken altar of Ashenzari.
  1015 | D:4      | Found a sacrificial altar of Ru.
  1039 | D:4      | Noticed a black bear
  1074 | D:4      | Killed a black bear
  1075 | D:4      | Reached skill level 1 in Armour
  1075 | D:4      | Reached XP level 5. HP: 26/49 MP: 4/4
  1138 | D:4      | Reached skill level 1 in Invocations
  1138 | D:4      | Reached XP level 6. HP: 57/57 MP: 5/5
  1214 | D:5      | Entered Level 5 of the Dungeon
  1214 | D:5      | Reached ** piety under Nemelex Xobeh
  1265 | D:5      | Received a gift from Nemelex Xobeh
  1317 | D:5      | You fall into a shaft and drop 1 floor!
  1325 | D:6      | Noticed an orc warrior
  1333 | D:6      | Noticed a swamp drake
  1333 | D:6      | an orc warrior changed into a swamp drake
  1346 | D:6      | Killed a swamp drake
  1347 | D:6      | Reached skill level 5 in Unarmed Combat
  1347 | D:6      | Reached skill level 1 in Evocations
  1347 | D:6      | Reached XP level 7. HP: 65/65 MP: 6/6
  1368 | D:6      | Reached skill level 1 in Ice Magic
  1808 | D:7      | Reached skill level 1 in Stealth
  1808 | D:7      | Reached skill level 1 in Hexes
  1827 | D:7      | Reached skill level 6 in Unarmed Combat
  1827 | D:7      | Reached skill level 1 in Spellcasting
  1828 | D:7      | Reached XP level 8. HP: 60/72 MP: 8/8
  1907 | D:8      | Learned a level 3 spell: Spider Form
  1956 | D:8      | Found an ancient bone altar of Kikubaaqudgha.
  1957 | D:8      | Found a stormy altar of Qazlal.
  1960 | D:8      | Found a shimmering blue altar of Sif Muna.
  2197 | D:8      | HP: 2/74 [something (7)]
  2342 | D:8      | Received a gift from Nemelex Xobeh
  2577 | D:8      | Reached *** piety under Nemelex Xobeh
  2627 | D:8      | Noticed a culicivora
  2632 | D:8      | Noticed a shapeshifter
  2632 | D:8      | a culicivora changed into a shapeshifter
  2632 | D:8      | Noticed a blink frog
  2632 | D:8      | a shapeshifter changed into a blink frog
  2641 | D:8      | Noticed a tengu warrior
  2646 | D:8      | Mangled by a tengu warrior

Illustrated notes

Levels and vault maps discovered:
D:1:      dpeg_arrival_oval, layout_rooms, shapermc_ecumenical_altar_petra
D:2:      layout_basic
D:3:      layout_basic, serial_shops, shop
D:4:      layout_gridville, mainiacjoe_overflow_catwalk_spiral,
          minmay_shop_damaged, minivault_11, nrook_campfire
D:5:      layout_loops_ring, overflow_temple_1_default
D:6:      layout_basic, minmay_temple_entry_overgrown, minmay_manual_mares,
          uniq_eustachio
D:7:      layout_cave_pods, minmay_liquid_box
D:8:      minmay_the_grid_plus [minmay_the_grid_diamond_grid,
          minmay_the_grid_spin_star, minmay_the_grid_stretched_grid,
          minmay_the_grid_all_tris, minmay_the_grid_prize_shrinking_boxes],
          layout_basic, minitemple

Skill      XL: |  1  2  3  4  5  6  7  8 |
---------------+-------------------------+-----
Throwing       | 2 3 |  3.0
Unarmed Combat | 4 5 6 |  6.8
Armour         | 1 2 |  2.0
Dodging        | 3 4 |  4.1
Invocations    | 1 2 |  2.1
Fighting       | 2 |  2.7
Evocations     | 1 |  1.9
Ice Magic      | 1 |  1.5
Stealth        | 1 |  1.3
Hexes          | 1 |  1.4
Spellcasting   | 1 |  1.3
Transmutations | |  0.7
Poison Magic   | |  0.5

Action                   |  1- 3 |  4- 6 |  7- 9 || total
-------------------------+-------+-------+-------++-------
Melee: Unarmed           |   116 |    59 |    65 ||   240
       Punch             |     4 |     1 |     1 ||     6
Throw: Dart              |     1 |     2 |     1 ||     4
Invok: Draw Destruction  |     2 |     5 |     5 ||    12
       Draw Summoning    |       |     3 |     2 ||     5
Evoke: Wand              |       |     1 |     1 ||     2
  Use: Scroll            |     1 |     3 |     4 ||     8
       Potion            |       |       |     3 ||     3
 Stab: Sleeping          |       |     1 |       ||     1
Armor: Robe              |    38 |    19 |     8 ||    65
       Steam dragon scal |       |       |     7 ||     7
Dodge: Dodged            |    56 |    24 |    49 ||   129
